 Seeded DCSS version 0.30.1-4-g462c640d31 (webtiles) character file.

Game seed: 16521854235550105268 (custom seed)

17712 Psyclone the Thaumaturge (level 12, -3/82 HPs)
             Began as an Octopode Conjurer on Sept 18, 2023.
             Was an Initiate of Gozag.
             Shot with an arrow by Nessos (11 damage)
             ... on level 2 of the Orcish Mines.
             The game lasted 00:40:15 (12442 turns).

Psyclone the Thaumaturge (Octopode Conjurer)       Turns: 12442, Time: 00:40:16

Health: -3/82      AC:  3    Str: 22    XL:     12   Next: 50%
Magic:  40/46      EV: 15    Int: 31    God:    Gozag
Gold:   1295       SH:  4    Dex: 10    Spells: 21/35 levels left

rFire   . . .        i - +5 spear of the Asp {protect, Fragile rElec rPois}
rCold   + . .        D - +0 buckler
rNeg    . . .        l - +2 hat
rPois   +            F - amulet "Femih" {RegenMP Regen+ rCorr Str+4}
rElec   +            p - ring of magical power
rCorr   +            w - ring of the Mage {Wiz Archmagi}
SInv    +            s - ring "Feymp" {rC+ Str+6 Dex+4 Slay+3}
Will    .....        A - ring "Zanneska" {rPois Str+6 Int+2 Dex-3 Slay+3}
Stlth   ++           a - ring of flight
HPRegen 1.13/turn    H - ring of magical power
MPRegen 0.70/turn    M - ring "Niuqar" {Wiz rElec Int+4 Stlth-}
                     (no ring)

%: wizardry (x2), archmagi
@: gold aura, flying
A: almost no armour, amphibious, 8 rings, camouflage 1, gelatinous body 1,
(nimble swimmer 1), tentacles, see invisible, clumsy 1, mutation resistance 1
a: Renounce Religion, Potion Petition, Call Merchant, Bribe Branch


You were on level 2 of the Orcish Mines.
You worshipped Gozag.
Gozag was most pleased with you.
You visited 3 branches of the dungeon, and saw 14 of its levels.

You collected 3390 gold pieces.
You spent 1428 gold pieces at shops.
You paid 667 gold pieces to Gozag.

Inventory:

Hand Weapons
 d - a +1 short sword of chaos
 i - the +5 spear of the Asp (weapon) {protect, Fragile rElec rPois}
   (You found it on level 2 of the Dungeon)

   rElec:     It insulates you from electricity.
   rPois:     It protects you from poison.
   Fragile:   It will be destroyed if unequipped.
 t - the +4 spear of Caedonaj {flame, rF+ Will+ Int-2 Stlth+}
   (You found it on level 4 of the Dungeon)

   Int:       It affects your intelligence (-2).
   rF:        It protects you from fire.
   Will:      It increases your willpower.
   Stlth:     It makes you more stealthy.
Missiles
 j - 6 throwing nets {!f}
Armour
 l - a +2 hat (worn)
 D - a +0 buckler (worn)
Magical Staves
 b - a staff of cold
 r - a staff of fire
Jewellery
 a - a ring of flight (on tentacle)
 m - a ring of ice
 p - a ring of magical power (left tentacle)
 s - the ring "Feymp" (on tentacle) {rC+ Str+6 Dex+4 Slay+3}
   (You acquired it on level 9 of the Dungeon)

   [ring of strength]

   Str:       It affects your strength (+6).
   Dex:       It affects your dexterity (+4).
   Slay:      It affects your accuracy & damage with ranged weapons and melee
   (+3).
   rC:        It protects you from cold.
 w - the ring of the Mage (right tentacle) {Wiz Archmagi}
   (You took it off a centaur on level 5 of the Dungeon)

   [ring of wizardry]

   It improves your spell success rate.
   Archmagi:  It increases the power of your magical spells.
 A - the ring "Zanneska" (on tentacle) {rPois Str+6 Int+2 Dex-3 Slay+3}
   (You acquired it on level 9 of the Dungeon)

   [ring of strength]

   Str:       It affects your strength (+6).
   Int:       It affects your intelligence (+2).
   Dex:       It affects your dexterity (-3).
   Slay:      It affects your accuracy & damage with ranged weapons and melee
   (+3).
   rPois:     It protects you from poison.
 F - the amulet "Femih" (around mantle) {RegenMP Regen+ rCorr Str+4}
   (You bought it in a shop on level 10 of the Dungeon)

   [amulet of magic regeneration]

   It increases your rate of magic regeneration.
   Str:       It affects your strength (+4).
   Regen:     It increases your rate of health regeneration.
   rCorr:     It protects you from acid and corrosion.
 H - a ring of magical power (on tentacle)
 M - the ring "Niuqar" (on tentacle) {Wiz rElec Int+4 Stlth-}
   (You bought it in a shop on level 1 of the Orcish Mines)

   [ring of wizardry]

   It improves your spell success rate.
   Int:       It affects your intelligence (+4).
   rElec:     It insulates you from electricity.
   Stlth:     It makes you less stealthy.
Wands
 k - a wand of polymorph (10)
 B - a wand of light (5)
 I - a wand of digging (5)
 K - a wand of paralysis (11)
Scrolls
 f - 6 scrolls of identify {@r1}
 o - a scroll of teleportation
 q - 2 scrolls of magic mapping
 u - 2 scrolls of immolation
 y - 2 scrolls of poison
 z - a scroll of fear
 C - a scroll of fog
 L - a scroll of butterflies
Potions
 c - 3 potions of haste
 e - 2 potions of flight
 g - 4 potions of curing
 h - 3 potions of lignification
 n - 2 potions of berserk rage
 v - 4 potions of might
 x - 2 potions of brilliance
 E - a potion of cancellation
 G - a potion of resistance
 J - 2 potions of mutation


   Skills:
 - Level 8.0 Fighting
 - Level 8.0 Dodging
 - Level 2.6 Stealth
 - Level 4.0 Shields
 - Level 12.0 Spellcasting
 + Level 9.4 Conjurations
 - Level 6.0 Hexes


You had 21 spell levels left.
You knew the following spells:

 Your Spells              Type           Power      Damage    Failure   Level
a - Magic Dart            Conj           100%       1d8       1%          1
b - Searing Ray           Conj           100%       2d8       1%          2
d - Fulminant Prism       Conj/Hex       39%        3d17      1%          4
q - Blink                 Tloc           54%        N/A       1%          2
x - Irradiate             Conj/Tmut      32%        3d22      3%          5

Your spell library contained the following spells:

 Spells                   Type           Power      Damage    Failure   Level
 Apportation              Tloc           54%        N/A       1%          1
 Shock                    Conj/Air       100%       1d9       1%          1
 Slow                     Hex            100%       N/A       1%          1
 Lesser Beckoning         Tloc           54%        N/A       1%          2
 Momentum Strike          Conj/Tloc      100%       3d10      1%          2
 Sublimation of Blood     Necr           27%        N/A       1%          2
 Dazzling Flash           Conj/Hex       100%       N/A       1%          3
 Iskenderun's Mystic Bla  Conj/Tloc      64%        2d13      1%          4
 Vampiric Draining        Necr           27%        2d7       2%          3
 Metabolic Englaciation   Hex/Ice        27%        N/A       7%          5
 Petrify                  Tmut/Erth      27%        N/A       9%          4
 Statue Form              Tmut/Erth      18%        N/A       71%         6
 Borgnjor's Revivificati  Necr           13%        N/A       100%        8


Dungeon Overview and Level Annotations

Branches:
Dungeon (11/15) Zot: 26286  Temple (1/1) D:4 Zot: 5906    Lair (0/5) D:9
    Orc (2/2) D:9 Zot: 10956
    Elf: Orc:2

Altars:
Ashenzari
Cheibriados
Dithmenos
Elyvilon
Fedhas
Gozag
Hepliaklqana
Kikubaaqudgha
Makhleb
Nemelex Xobeh
Okawaru
Qazlal
Ru
Sif Muna
Trog
Uskayaw
Vehumet
Wu Jian
Xom
Yredelemnul
Zin
The Shining One

Shops:
D:10 =   D:11 ?   Orc:1 *

Annotations:
D:7 2 transporters, Nick1's ghost, amateur FoFi
Orc:2 Nessos


Innate Abilities, Weirdness & Mutations

You cannot wear most types of armour.
You are amphibious.
You can wear up to eight rings at the same time.
Your skin changes colour to match your surroundings (Stealth+).
Your rubbery body absorbs attacks. (AC +1, EV +1)
((You are camouflaged when in or above water. (Stealth+)))
You have tentacles for arms and can constrict up to eight enemies at once.
You have supernaturally acute eyesight. (SInv)
You are clumsy. (Dex -2)
You are somewhat resistant to further mutation.


Message History

You hit the orc warrior.
Your weapon exudes an aura of protection.
You kill the orc warrior!
Things that are here:
4 gold pieces; a +0 dire flail; a +0 chain mail
Casting: Searing Ray (safe; 1% risk of failure)
Confirm with . or Enter, or press ? or * to list all spells.
Aiming: Fulminant Prism (safe; 1% risk of failure)
Press: ? - help, Dir - move target You feel a surge of power!
You conjure a prism of explosive energy!
Nessos shouts!
A fulminant prism comes into view.
Nessos mumbles some strange words.
Nessos blinks!
Nessos casts a spell.
Nessos blinks!
You now have 42/46 mp.
Nessos wields a +3 longbow of flaming.
It bursts into flame!
Nessos shoots an arrow.
The arrow hits you!! The arrow burns you.
Your fulminant prism crackles loudly.
You take 23 damage, and have 59/82 hp.
MASSIVE DAMAGE!!
Casting: Fulminant Prism (safe; 1% risk of failure)
Confirm with . or Enter, or press ? or * to list all spells.
Aiming: Fulminant Prism (safe; 1% risk of failure)
Press: ? - help, Dir - move target You feel a surge of power!
You conjure a prism of explosive energy!
A fulminant prism comes into view.
Nessos shoots an arrow.
The arrow hits you!! The arrow burns you!
An orc priest comes into view. It is wielding a +0 war axe.
Your fulminant prism explodes!
You hear a shout! x3
You take 29 damage, and have 30/82 hp.
MASSIVE DAMAGE!!
You now have 39/46 mp.
Nessos shoots an arrow.
You block the arrow.
Nessos shoots an arrow.
The arrow hits you!!
* * * LOW HITPOINT WARNING * * *
The arrow burns you!
You die...
Your body crumbles into a pile of gold.

......### ####
......#.###########.#c##
..........##.#..##.....##
...)....))).).....#..*#.#.
.)).).).))))))...........#
).)))..####))))..$........
..)#....# ##)).)..........
)...#....##.)...#..$......
#..####...##....@$........
...# #.##...............
...# ##................
))## ##..#............ )##
#.............## ).#
##...#........# .##
######..o##### ## .....
..#.


You could see Nessos (ally target), an orc priest and a friendly fulminant
prism.

Vanquished Creatures
  Donald (Orc:2)
  2 orc warlords
  Harold (D:9)
  Erica (D:11)
  A tengu warrior (D:11)
  An orc knight (Orc:2)
  Maggie (D:7)
  A kobold demonologist (Orc:1)
  A tengu conjurer (D:11)
  A hornet (D:10)
  3 trolls
  19 yaks
  A shadow (D:11)
  2 wyverns
  A steam dragon (D:9)
  3 wargs
  3 water moccasins
  15 orc warriors
  A sky beast (D:8)
  3 ice beasts
  A black bear (D:4)
  6 ogres
  3 centaurs
  2 wolves (D:9)
  9 kobold brigands
  3 bullfrogs
  2 scorpions
  14 wights
  11 killer bees
  2 howler monkeys (D:10)
  2 electric eels (D:9)
  3 jellies
  10 hounds
  3 iron imps (D:6)
  30 orc priests
  5 iguanas
  A sleepcap (D:8)
  16 orc wizards
  4 gnolls (D:2)
  12 adders
  A white imp (D:8)
  3 ufetubi (D:5)
  3 worms
  5 dart slugs
  82 orcs
  11 ball pythons
  5 endoplasms
  5 giant cockroaches
  4 goblins
  7 hobgoblins
  6 jackals
  20 kobolds
  6 quokkas
  4 bats
  5 frilled lizards
  9 rats
377 creatures vanquished.

Vanquished Creatures (others)
  107 fulminant prisms
107 creatures vanquished.

Grand Total: 484 creatures vanquished

Notes
Turn   | Place    | Note
-------+----------+-------------------------------------------
     0 | D:1      | Psyclone the Octopode Conjurer began the quest for the Orb.
     0 | D:1      | Reached XP level 1. HP: 11/11 MP: 3/3
   237 | D:1      | Reached XP level 2. HP: 17/17 MP: 5/5
   284 | D:1      | You fall into a shaft and drop 1 floor!
   309 | D:2      | Identified the +5 spear of the Asp {protect, Fragile rElec
                  | rPois}
   328 | D:2      | Found an iron altar of Okawaru.
   374 | D:2      | Reached skill level 5 in Conjurations
   374 | D:2      | Reached XP level 3. HP: 21/21 MP: 3/6
   632 | D:2      | Learned a level 2 spell: Searing Ray
   654 | D:1      | Reached XP level 4. HP: 24/27 MP: 7/7
  1196 | D:1      | Gained mutation: Your spells are a little harder to cast,
                  | but a little more powerful. [potion of mutation]
  1196 | D:1      | Gained mutation: You sometimes lose your temper in combat.
                  | [potion of mutation]
  1992 | D:2      | Found a faded altar of an unknown god.
  1992 | D:2      | Noticed a sixfirhy
  2196 | D:3      | Got An Initiation into the Histories of Mysteries
  2201 | D:3      | Reached XP level 5. HP: 31/31 MP: 8/8
  2343 | D:3      | Reached skill level 3 in Spellcasting
  2390 | D:3      | Found a shimmering altar of Xom.
  2391 | D:3      | Found a hazy altar of Hepliaklqana.
  2392 | D:3      | Noticed a spectral ugly thing
  2537 | D:3      | Lost mutation: You sometimes lose your temper in combat.
                  | [potion of mutation]
  2537 | D:3      | Lost mutation: Your spells are a little harder to cast, but
                  | a little more powerful. [potion of mutation]
  2537 | D:3      | Gained mutation: You are somewhat resistant to further
                  | mutation. [potion of mutation]
  2537 | D:3      | Gained mutation: You are clumsy. (Dex -2) [potion of
                  | mutation]
  2537 | D:3      | Gained mutation: You have supernaturally acute eyesight.
                  | (SInv) [potion of mutation]
  3076 | D:4      | Reached XP level 6. HP: 15/36 MP: 4/11
  3228 | D:4      | Reached skill level 4 in Spellcasting
  3406 | D:4      | Found a staircase to the Ecumenical Temple.
  3424 | Temple   | Entered the Ecumenical Temple
  3508 | Temple   | Became a worshipper of Gozag Ym Sagoz the Greedy
  3566 | D:4      | Noticed a black bear
  3572 | D:4      | Killed a black bear
  3709 | D:4      | Reached skill level 5 in Spellcasting
  3735 | D:4      | Found a stormy altar of Qazlal.
  4087 | D:4      | Reached XP level 7. HP: 33/41 MP: 15/15
  4192 | D:4      | Identified the +4 spear of Caedonaj {flame, rF+ Will+ Int-2
                  | Stlth+}
  4218 | D:5      | Entered Level 5 of the Dungeon
  4430 | D:5      | Identified the +1 robe of Toyqav {Int+4}
  4501 | D:5      | Learned a level 4 spell: Fulminant Prism
  4644 | D:5      | Reached skill level 6 in Spellcasting
  4644 | D:5      | Reached skill level 1 in Hexes
  4960 | D:5      | Reached XP level 8. HP: 44/46 MP: 16/17
  5136 | D:5      | Reached skill level 5 in Hexes
  5489 | D:6      | Identified the +5 trident of Deloyv {freeze, Fly}
  5630 | D:6      | Reached skill level 1 in Fighting
  6218 | D:6      | Found a shimmering blue altar of Sif Muna.
  6218 | D:6      | Found a broken altar of Ashenzari.
  6310 | D:6      | Found a burning altar of Makhleb.
  6319 | D:6      | Reached XP level 9. HP: 57/57 MP: 18/18
  6536 | D:7      | Found a transporter.
  6540 | D:7      | Found a transporter.
  6540 | D:7      | Noticed a gargoyle
  6541 | D:7      | Noticed Nick1's ghost (amateur FoFi)
  6606 | D:7      | Noticed Maggie
  6615 | D:7      | Killed Maggie
  6616 | D:7      | Reached skill level 5 in Dodging
  6924 | D:7      | Got Kikubaaqudgha's Thoughts on Gloom
  6935 | D:7      | Learned a level 5 spell: Irradiate
  7049 | D:7      | Learned a level 2 spell: Blink
  7052 | D:7      | Reached skill level 5 in Fighting
  7158 | D:7      | Found a glowing golden altar of the Shining One.
  7393 | D:8      | Reached XP level 10. HP: 60/71 MP: 3/19
  7696 | D:8      | Found a snail-covered altar of Cheibriados.
  7700 | D:8      | Found a sacrificial altar of Ru.
  8325 | D:9      | Noticed Harold
  8337 | D:9      | Killed Harold
  8641 | D:9      | Reached skill level 7 in Spellcasting
  8660 | D:9      | HP: 2/72 [yak (16)]
  8684 | D:9      | Reached XP level 11. HP: 32/77 MP: 22/22
  8916 | D:9      | Reached skill level 8 in Spellcasting
  9035 | D:9      | Found a staircase to the Lair.
  9173 | D:9      | Found a staircase to the Orcish Mines.
  9618 | D:9      | Identified 2 scrolls of acquirement
  9619 | D:9      | Acquired the ring "Feymp" {rC+ Str+6 Dex+4 Slay+3}
  9621 | D:9      | Acquired the ring "Zanneska" {rPois Str+6 Int+2 Dex-3
                  | Slay+3}
  9645 | D:10     | Entered Level 10 of the Dungeon
 10002 | D:10     | Bought the amulet "Femih" {RegenMP Regen+ rCorr Str+4} for
                  | 663 gold pieces
 10145 | D:10     | Reached skill level 1 in Shields
 10714 | D:11     | Noticed Erica
 10727 | D:11     | Killed Erica
 10728 | D:11     | Reached skill level 9 in Spellcasting
 10769 | D:11     | Found an ancient bone altar of Kikubaaqudgha.
 11021 | D:11     | Found Teomiuse's Magic Scroll Boutique.
 11193 | D:11     | Noticed a tengu warrior
 11213 | D:11     | Killed a tengu warrior
 11414 | Orc:1    | Entered Level 1 of the Orcish Mines
 11415 | Orc:1    | Found Momoar's General Store.
 11446 | Orc:1    | Bought the ring "Niuqar" {Wiz rElec Int+4 Stlth-} for 765
                  | gold pieces
 11522 | Orc:1    | Reached skill level 10 in Spellcasting
 11619 | Orc:1    | Noticed an orc warlord
 11662 | Orc:1    | Killed an orc warlord
 11663 | Orc:1    | Reached skill level 11 in Spellcasting
 11663 | Orc:1    | Reached XP level 12. HP: 82/82 MP: 27/27
 12139 | Orc:2    | Entered Level 2 of the Orcish Mines
 12168 | Orc:2    | Noticed Donald
 12181 | Orc:2    | Killed Donald
 12193 | Orc:2    | Noticed an orc warlord
 12215 | Orc:2    | Killed an orc warlord
 12216 | Orc:2    | Reached skill level 12 in Spellcasting
 12432 | Orc:2    | Noticed Nessos
 12442 | Orc:2    | Shot with an arrow by Nessos

Illustrated notes

Levels and vault maps discovered:
D:1:      amcnicky_arrival_feature_with_door, layout_loops_ring, serial_bayou,
          serial_bayou_pond_d, serial_bayou_lagoon_a, serial_bayou_shore_b,
          serial_bayou_shore_a, hangedman_decor_slide_cut
D:2:      layout_basic, basic_altar, dreamdust_ecumenical_altar_sealed_demon,
          ebering_dispersal_statue_hall
D:3:      minmay_razor_zed, layout_loops_ring, regret_index_temple_of_mockery
D:4:      layout_loops_ring, kennysheep_little_box, minmay_temple_entry_arrows,
          serial_bayou_pond_c, nicolae_eternal_life,
          hangedman_abyss_or_decor_slice, supply_closet_lemuel,
          kennysheep_small_circle
D:5:      minmay_octagon_keep, layout_cave_pools
D:6:      layout_basic, demons_altar, gammafunk_temple_overflow_elements
D:7:      layout_gridville, nicolae_tso_carved_into_rock, gammafunk_ghost_arena,
          uniq_maggie
D:8:      cheibrodos_quashed, layout_rooms, grunt_temple_overflow_open
D:9:      layout_loops_ring, erik_lair_island, hiddenorc2_lemuel, uniq_harold
D:10:     layout_irregular_city, item_on_display_a
D:11:     layout_roguey, serial_shops, nicolae_shop_tiny_waterfront,
          nrook_campfire, nicolae_kikubaaqudgha_miasma_corner, uniq_erica
Temple:   nicolae_temple_god_jail
Orc:1:    layout_caves, special_room [special_room_kobold], serial_shops, shop
Orc:2:    st_orc_pillars, layout_caves, basic_altar, nicolae_shop_vocational,
          uniq_donald, uniq_nessos

Skill      XL: |  1  2  3  4  5  6  7  8  9 10 11 12 |
---------------+-------------------------------------+-----
Conjurations   | 5 6 7 8 9 |  9.4
Spellcasting   | 3 5 6 7 11 12 | 12.0
Hexes          | 4 6 |  6.0
Fighting       | 3 7 8 |  8.0
Dodging        | 4 7 8 |  8.0
Shields        | 4 |  4.0
Stealth        | |  2.6

Action                     |  1- 3 |  4- 6 |  7- 9 | 10-12 || total
---------------------------+-------+-------+-------+-------++-------
  Melee: Short sword       |    10 |       |       |       ||    10
         Constrict         |    10 |    21 |     6 |    16 ||    53
         Tentacles         |     5 |    16 |     6 |    28 ||    55
         Unarmed           |     3 |       |       |       ||     3
         Spear             |    20 |   111 |    28 |    99 ||   258
         Punch             |     1 |     1 |       |       ||     2
   Cast: Magic Dart        |     9 |    36 |    59 |    96 ||   200
         Searing Ray       |       |     3 |    34 |    30 ||    67
         Fulminant Prism   |       |       |    17 |    91 ||   108
 Invoke: Call Merchant     |       |       |       |     1 ||     1
    Use: Potion            |       |     8 |     5 |     5 ||    18
         Scroll            |       |     6 |     4 |     8 ||    18
   Stab: Sleeping          |     7 |    14 |     1 |     1 ||    23
         Distracted        |       |     1 |       |       ||     1
 Armour: Skin              |     5 |    30 |    13 |    33 ||    81
  Dodge: Dodged            |    14 |    65 |    44 |   161 ||   284
  Block: Buckler           |       |       |       |    19 ||    19
